 Dungeon Crawl Stone Soup version 0.28.0 (webtiles) character file.

Game seed: 638010406907363477

2552 themarg the Summoner (level 9, -2/57 (59) HPs)
             Began as a Merfolk Summoner on Feb 17, 2022.
             Killed by an exploding themself (54 damage)
             ... ignited by their inner flame
             ... on level 6 of the Dungeon.
             The game lasted 01:12:45 (10079 turns).

themarg the Summoner (Merfolk Summoner)            Turns: 10079, Time: 01:12:46

HP:   -2/57 (59)    AC:  6    Str:  8    XL:     9   Next: 56%
MP:   9/29          EV: 14    Int: 18    God:
Gold: 213           SH:  0    Dex: 15    Spells: 11/22 levels left

rFire   x . .      SeeInvis .   e - +0 spear (drain)
rCold   + . .      Faith    .   (no shield)
rNeg    . . .      Spirit   .   a - +0 robe
rPois   .          Reflect  .   r - +0 helmet
rElec   .          Harm     .   y - +2 cloak
rCorr   .          Rampage  .   (no gloves)
Will    .....                   (no boots)
Stlth   +++.......              (no amulet)
HPRegen 0.19/turn               f - ring of magical power
MPRegen 0.21/turn               z - ring of ice

@: lightly drained
A: (nimble swimmer 2), mertail
a: no special abilities


You were on level 6 of the Dungeon.
You visited 1 branch of the dungeon, and saw 6 of its levels.
You also visited: Sewer.

You collected 303 gold pieces.
You spent 90 gold pieces at shops.

Inventory:

Hand Weapons
 b - a +0 dagger
 e - a +0 spear of draining (weapon)
Missiles
 c - 199 stones (quivered)
 o - a throwing net
 u - 15 poisoned darts
Armour
 a - a +0 robe (worn)
 r - a +0 helmet (worn)
 y - a +2 cloak (worn)
 C - a +0 robe of willpower
Jewellery
 f - a ring of magical power (left hand)
 z - a ring of ice (right hand)
 A - an amulet of faith
 D - a ring of ice
Wands
 x - a wand of paralysis (9)
 B - a wand of iceblast (2)
Scrolls
 d - a scroll of blinking
 g - 5 scrolls of teleportation
 k - a scroll of torment {unknown}
 l - a scroll of vulnerability {unknown}
 m - a scroll of brand weapon
 n - a scroll of fear {unknown}
 q - a scroll of summoning {unknown}
 s - 2 scrolls of enchant armour {unknown}
Potions
 h - a potion of ambrosia {unknown}
 i - 5 potions of flight
 j - a potion of haste
 p - a potion of resistance {unknown}
 t - a potion of cancellation {unknown}
 v - a potion of might {unknown}
 w - a potion of brilliance {unknown}


   Skills:
 + Level 1.1 Fighting
 + Level 3.9 Polearms
 + Level 5.1 Dodging
 + Level 5.4 Stealth
 + Level 7.4 Spellcasting
 + Level 2.2 Hexes
 + Level 8.2 Summonings
 + Level 1.0 Air Magic


You had 11 spell levels left.
You knew the following spells:

 Your Spells              Type           Power      Damage    Failure   Level
a - Summon Small Mammal   Summ           100%       N/A       1%          1
b - Call Canine Familiar  Summ           36%        N/A       1%          3
c - Summon Guardian Gole  Hex/Summ       25%        N/A       3%          3
d - Summon Lightning Spi  Summ/Air       23%        N/A       16%         4

Your spell library contained the following spells:

 Spells                   Type           Power      Damage    Failure   Level
 Call Imp                 Summ           36%        N/A       1%          2
 Animate Skeleton         Necr           12%        N/A       11%         1
 Apportation              Tloc           12%        N/A       11%         1
 Magic Dart               Conj           24%        1d4       11%         1
 Searing Ray              Conj           12%        2d4       16%         2
 Dazzling Flash           Conj/Hex       20%        N/A       21%         3
 Gell's Gravitas          Tloc           6%         N/A       30%         3
 Lesser Beckoning         Tloc           6%         N/A       30%         3
 Teleport Other           Tloc           6%         N/A       30%         3
 Fulminant Prism          Conj/Hex       5%         3d7       54%         4
 Silence                  Hex/Air        6%         N/A       82%         5
 Agony                    Necr           6%         N/A       96%         5


Dungeon Overview and Level Annotations

Branches:
Dungeon (6/15)              Sewer (visited)
 Temple: D:4-7

Altars:
Okawaru

Shops:
D:2 *:


Innate Abilities, Weirdness & Mutations

((You are very nimble when in or above water. (Stealth+, EV+, Speed+++)))
Your lower body shifts to a powerful aquatic tail in water.


Message History

Your hound closely misses the orc priest.
The wight hits your hound with a +0 mace.
The wight drains your hound.
There is an open door here.
Casting: Summon Lightning Spire (dangerous; 16% risk of failure)
Confirm with . or Enter, or press ? or * to list all spells.
A guardian golem appears, shielding your allies.
Your hound bites the orc priest but does no damage.
The wight hits you with a +4 flail!
You feel drained.
The orc priest hits you but does no damage.
The wight hits your lightning spire with a +4 scimitar of freezing!
Your hound bites the orc priest but does no damage.
The wight closely misses your hound.
You swap places.
The wight hits your guardian golem with a +4 flail.
Something hits your lightning spire but does no damage.
Something hits your lightning spire!
Reach: e) +0 spear (drain)
Press: ? - help, Dir - move target, f - wight
Aim: a wight, wielding a +4 flail and wearing a +0 robe (about 38% to evade your +0 spear of draining)
You reach to attack!
You hit the wight.
The wight is lightly damaged.
The wight hits your guardian golem with a +4 flail!
Something hits your lightning spire but does no damage.
Something hits your lightning spire.
Reach: e) +0 spear (drain)
Press: ? - help, Dir - move target, f/p - wight
Aim: a wight, wielding a +4 flail and wearing a +0 robe (lightly damaged, ally target, about 38% to evade your +0 spear of draining)
You could not reach far enough!
Your guardian golem overheats!
The wight hits your guardian golem with a +4 flail!
Flame seeps out of your guardian golem. Something hits your guardian golem.
Flame seeps out of your guardian golem. Something hits your lightning spire!
Your lightning spire is destroyed!
Your lightning spire disappears in a puff of smoke!
Your guardian golem disappears in a puff of smoke!
Your guardian golem explodes!
The fiery explosion engulfs you!!! The fire burns you terribly!
Ouch! That really hurt!
You die...

#........#.....# ##.......#.....#
### #########.....#
..########.......#.....#
.................#.....#
.................#.....#
................§#§....#
.................○z§...# ...
................@#oz...# ....
..###...##...##'##.h...######....
#####...######......z.....)......
....'....# #...................
....#....# #..........)..).....
....#....# #............○......
....#....## #............○.....z
..###.....# #............○......
#####..#### ####################


You could see a wight.

Vanquished Creatures
  Pikel (D:6)
  An orc warrior (D:6)
  2 iguanas (D:4)
  A hound skeleton (D:4)
  2 river rats
  4 adders
  A worm (D:4)
  4 orcs
  2 endoplasms
  8 giant cockroaches
  A goblin (D:6)
  4 hobgoblins
  2 jackals (Sewer)
  5 ball pythons
  2 bats (D:2)
  A frilled lizard (Sewer)
  13 kobolds
  3 rats
57 creatures vanquished.

Vanquished Creatures (collateral kills)
  A steam dragon (D:6)
  A water moccasin (D:4)
  2 necrophages
  2 ogres
  A kobold brigand (D:4)
  A scorpion (D:6)
  A bullfrog zombie (D:6)
  2 orc priests
  A hound (D:5)
  A jelly (D:4)
  An orc wizard (D:6)
  A hound skeleton (D:4)
  9 adders
  A river rat (Sewer)
  A white imp (D:4)
  A worm (Sewer)
  2 dart slugs
  14 orcs
  3 endoplasms
  8 giant cockroaches (D:3)
  12 goblins
  2 hobgoblins
  4 jackals
  15 kobolds
  3 quokkas
  8 ball pythons
  3 bats (Sewer)
  5 frilled lizards
  3 rats
109 creatures vanquished.

Vanquished Creatures (others)
  Grinder (D:3)
  A wraith (D:5)
  Eustachio (D:5)
  2 centaurs
  2 wights (D:6)
  54 plants
61 creatures vanquished.

Grand Total: 227 creatures vanquished

Notes
Turn   | Place    | Note
-------+----------+-------------------------------------------
     0 | D:1      | themarg the Merfolk Summoner began the quest for the Orb.
     0 | D:1      | Reached XP level 1. HP: 13/13 MP: 3/3
   565 | D:1      | Reached XP level 2. HP: 16/19 MP: 1/5
  1281 | D:2      | Found Ifroisuc's Book Shop.
  1579 | D:2      | Found Seaqyqin's Assorted Antiques.
  1685 | D:2      | Reached XP level 3. HP: 24/24 MP: 6/6
  1689 | D:2      | Learned a level 3 spell: Call Canine Familiar
  2592 | D:3      | Found a faded altar of an unknown god.
  2643 | D:3      | Found a glowing drain.
  2652 | Sewer    | Entered a sewer
  2708 | Sewer    | Reached XP level 4. HP: 30/30 MP: 7/7
  3228 | D:3      | Reached XP level 5. HP: 6/35 MP: 9/9
  3715 | D:3      | Learned a level 3 spell: Summon Guardian Golem
  4022 | D:3      | Noticed Grinder
  4072 | D:3      | Noticed an ogre
  4083 | D:3      | Killed an ogre
  4084 | D:3      | Reached XP level 6. HP: 41/41 MP: 10/10
  4281 | D:3      | Reached skill level 5 in Summonings
  4450 | D:2      | Bought a helmet for 90 gold pieces
  5681 | D:4      | Reached XP level 7. HP: 28/46 MP: 13/13
  6639 | D:3      | Killed Grinder
  6640 | D:3      | Reached skill level 1 in Polearms
  6640 | D:3      | Reached skill level 6 in Summonings
  6806 | D:5      | Entered Level 5 of the Dungeon
  6860 | D:5      | Reached skill level 5 in Spellcasting
  6877 | D:4      | HP: 2/46 [poisoned by a water moccasin]
  6889 | D:4      | Reached skill level 1 in Hexes
  6889 | D:4      | Reached XP level 8. HP: 4/52 MP: 13/16
  7220 | D:5      | Noticed Eustachio
  7390 | D:5      | Found an iron altar of Okawaru.
  7792 | D:5      | Noticed a wraith
  7821 | D:5      | Killed a wraith
  7936 | D:5      | Learned a level 4 spell: Summon Lightning Spire
  8084 | D:5      | Killed Eustachio
  8085 | D:5      | Reached skill level 7 in Summonings
  9129 | D:6      | Reached skill level 5 in Dodging
  9486 | D:6      | Reached XP level 9. HP: 58/58 MP: 14/19
  9730 | D:6      | Noticed Pikel
  9802 | D:6      | Reached skill level 5 in Stealth
  9805 | D:6      | Killed Pikel
  9806 | D:6      | Reached skill level 1 in Fighting
  9944 | D:6      | Reached skill level 8 in Summonings
  9944 | D:6      | Reached skill level 1 in Air Magic
 10079 | D:6      | Killed by an exploding themself... ignited by their inner
                  | flame

Illustrated notes

Levels and vault maps discovered:
D:1:      minmay_arrival_four_houses, layout_basic
D:2:      layout_loops_ring, serial_shops, shop, shop,
          chequers_serial_rivers_room_a, nicolae_elevator_lobby_asterisk
D:3:      minmay_roachtagon, layout_loops_ring, nicolae_ecumenical_pavilion,
          portal_sewer_entry_d, uniq_grinder
D:4:      kennysheep_kobold_camp, layout_layer_cave, minmay_ruptured
D:5:      cheibrodos_two_vegetables, layout_rooms,
          nicolae_overflow_crystal_walls, uniq_eustachio
D:6:      layout_gridville, hangedman_decor_growths, minmay_ogre_servants,
          uniq_pikel

Skill      XL: |  1  2  3  4  5  6  7  8  9 |
---------------+----------------------------+-----
Dodging        | 3 4 5 |  5.1
Stealth        | 3 4 5 |  5.4
Spellcasting   | 3 4 5 6 7 |  7.4
Summonings     | 5 6 7 8 |  8.2
Polearms       | 2 3 |  3.9
Hexes          | 1 2 |  2.2
Fighting       | 1 |  1.1
Air Magic      | 1 |  1.0

Action                   |  1- 3 |  4- 6 |  7- 9 || total
-------------------------+-------+-------+-------++-------
Melee: Dagger            |     6 |       |       ||     6
       Unarmed           |     3 |       |       ||     3
       Spear             |    41 |   137 |   115 ||   293
       Tailslap          |       |     3 |       ||     3
       Punch             |       |     2 |       ||     2
 Cast: Summon Small Mamm |    52 |     9 |     4 ||    65
       Call Canine Famil |     4 |    38 |    39 ||    81
       Summon Guardian G |       |     3 |    32 ||    35
       Summon Lightning  |       |       |    12 ||    12
  Use: Scroll            |     1 |     3 |     2 ||     6
 Stab: Sleeping          |     1 |     8 |       ||     9
       Distracted        |       |     3 |     1 ||     4
Armor: Robe              |     7 |    13 |    12 ||    32
Dodge: Dodged            |    33 |    71 |    54 ||   158
